 Dungeon Crawl Stone Soup version 0.29-a0-392-g297d3b089c (webtiles) character file.

Game seed: 3996530367250347703

5849 RepHenryClay the Nimble (level 10, -3/50 HPs)
             Began as a Deep Elf Conjurer on May 8, 2022.
             Was a Believer of Vehumet.
             Killed by the air
             ... invoked by Gastronok
              (25 damage)
             ... on level 9 of the Dungeon.
             The game lasted 00:20:16 (12861 turns).

RepHenryClay the Nimble (Deep Elf Conjurer)        Turns: 12861, Time: 00:20:17

Health: -3/50      AC:  5    Str:  4    XL:     10   Next: 51%
Magic:  14/23      EV: 18    Int: 26    God:    Vehumet [**....]
Gold:   274        SH:  0    Dex: 15    Spells: 14/24 levels left

rFire   + . .      SeeInvis .   u - +2 short sword (freeze)
rCold   + . .      Faith    .   (no shield)
rNeg    + . .      Spirit   .   P - +0 robe {rF+}
rPois   .          Reflect  .   t - +0 helmet
rElec   .          Harm     .   G - +1 cloak
rCorr   .          Rampage  .   (no gloves)
Will    +....                   (no boots)
Stlth   ++........              (no amulet)
HPRegen 0.16/turn               n - ring of positive energy
MPRegen 0.18/turn               z - ring of protection from cold

@: no status effects
A: no striking features
a: Renounce Religion


You were on level 9 of the Dungeon.
You worshipped Vehumet.
Vehumet was pleased with you.
You visited 2 branches of the dungeon, and saw 10 of its levels.

You collected 442 gold pieces.
You spent 168 gold pieces at shops.

Inventory:

Hand Weapons
 u - a +2 short sword of freezing (weapon)
 H - a +2 mace of draining
 Q - a +1 rapier of draining
Missiles
 o - 5 throwing nets
Armour
 a - a +0 robe
 t - a +0 helmet (worn)
 G - a +1 cloak (worn)
 P - a +0 robe of fire resistance (worn)
 T - +0 acid dragon scales
Jewellery
 n - a ring of positive energy (left hand)
 p - a ring of resist corrosion
 w - a ring of flight
 z - a ring of protection from cold (right hand)
Wands
 k - a wand of mindburst (22)
 C - a wand of flame (9)
 J - a wand of digging (7)
 O - a wand of polymorph (8)
 S - a wand of charming (6)
Scrolls
 d - 2 scrolls of enchant weapon {unknown}
 f - 6 scrolls of teleportation
 g - 2 scrolls of identify {@r1}
 j - a scroll of vulnerability {unknown}
 s - 2 scrolls of acquirement {unknown}
 v - 4 scrolls of blinking {unknown}
 x - a scroll of immolation {unknown}
 y - a scroll of brand weapon {unknown}
 A - a scroll of silence {unknown}
 E - a scroll of fear {unknown}
 K - a scroll of summoning
 L - 3 scrolls of fog {unknown}
 M - a scroll of noise
 N - a scroll of magic mapping
Potions
 b - 3 potions of magic
 c - 2 potions of lignification
 e - 2 potions of brilliance {unknown}
 h - 3 potions of haste
 i - 3 potions of curing
 l - 2 potions of ambrosia
 m - 2 potions of attraction
 q - 2 potions of invisibility
 r - 3 potions of might
 B - 3 potions of cancellation
 D - a potion of resistance {unknown}
 F - a potion of mutation {unknown}
 I - a potion of degeneration {unknown}
 R - a potion of heal wounds


   Skills:
 * Level 11.8 Dodging
 - Level 3.1 Stealth
 + Level 7.5 Spellcasting
 + Level 11.4 Conjurations
 - Level 6.4 Translocations


You had 14 spell levels left.
You knew the following spells:

 Your Spells              Type           Power      Damage    Failure   Level
a - Magic Dart            Conj           100%       1d8       1%          1
b - Searing Ray           Conj           100%       2d8       1%          2
c - Iskenderun's Mystic   Conj/Tloc      54%        2d12      1%          4
d - Mephitic Cloud        Conj/Pois/Air  29%        N/A       3%          3

Your spell library contained the following spells:

 Spells                   Type           Power      Damage    Failure   Level
 Dazzling Flash           Conj/Hex       78%        N/A       1%          3
 Fulminant Prism          Conj/Hex       19%        3d11      5%          4
 Cause Fear               Hex            4%         N/A       52%         4
 Dragon Form              Tmut           4%         N/A       100%        7
 Dragon's Call            Summ           4%         N/A       100%        9


Dungeon Overview and Level Annotations

Branches:
Dungeon (9/15)             Temple (1/1) D:4
   Lair: D:8-11         Orc: D:9-12

Altars:
Ashenzari
Cheibriados
Dithmenos
Elyvilon
Gozag
Hepliaklqana
Kikubaaqudgha
Makhleb
Nemelex Xobeh
Okawaru
Qazlal
Ru
Sif Muna
Trog
Uskayaw
Vehumet
Wu Jian
Xom
Yredelemnul
Zin
The Shining One

Shops:
D:1 =   D:8 ?

Annotations:
D:9 Gastronok, Harold


Message History

The rat's corpse disappears in a puff of smoke!
Gastronok's mouth opens, radula flailing wildly.
Casting: Magic Dart (safe; 1% risk of failure)
Confirm with . or Enter, or press ? or * to list all spells.
You can't see any susceptible monsters within range! (Use Z to cast anyway.) Unknown command.
Casting: Magic Dart (safe; 1% risk of failure)
Confirm with . or Enter, or press ? or * to list all spells.
Aiming: Mephitic Cloud (dangerous; 3% risk of failure)
Press: ? - help, Shift-Dir - straight line, p - Gastronok The ball explodes into a vile cloud!
The stinking cloud engulfs Gastronok but does no damage.
Gastronok is lightly wounded.
Casting: Mephitic Cloud (dangerous; 3% risk of failure)
Confirm with . or Enter, or press ? or * to list all spells.
Aiming: Searing Ray (safe; 1% risk of failure)
Press: ? - help, Shift-Dir - straight line, f - Gastronok
Aim: Gastronok, wearing a +0 hat (lightly wounded, 100% to hit)
Okay, then.
Unknown command.
Unknown command.
Unknown command.
Casting: Searing Ray (safe; 1% risk of failure)
Confirm with . or Enter, or press ? or * to list all spells.
Aiming: Mephitic Cloud (dangerous; 3% risk of failure)
Press: ? - help, Shift-Dir - straight line, f - Gastronok
Aim: Gastronok, wearing a +0 hat (lightly wounded, chance to affect: 5%)
The ball explodes into a vile cloud!
The stinking cloud engulfs Gastronok but does no damage.
Gastronok is lightly wounded.
Gastronok is engulfed in noxious fumes.
Gastronok waves his eye-stalks in wide circles.
The air twists around and strikes you!!
Ouch! That really hurt!
Huge Dmg: -56%(-28hp) hp: 44%(22hp) Gastronok is engulfed in noxious fumes.
Gastronok waves his eye-stalks in wide circles.
The air twists around and strikes you!!
Ouch! That really hurt!
You die...

###########
#.........##
#.#######..< #.# #.##
##.## #.#
########...######.##
#........#..........
#.####......>.......
#.@...........###>##
#.####........###.##
#.# #..........<...
#.## #.........##...
#○°# #.....>...##..#
#w○# #........[....#
#§.# ########..##...
#..# #.[###.#
##.<##########.(###.#


You could see Gastronok.

Vanquished Creatures
  A cyclops (D:9)
  A hornet (D:9)
  3 slime creatures
  A shadow (D:8)
  A vampire (D:9)
  2 wyverns (D:9)
  A wraith (D:6)
  4 yaks (D:9)
  2 steam dragons
  An acid dragon (D:9)
  A water moccasin (D:7)
  2 black bears
  A hornet zombie (D:9)
  3 ice beasts
  4 orc warriors
  A centaur (D:7)
  2 kobold brigands (D:9)
  2 bullfrogs (D:7)
  A scorpion (D:4)
  A wyvern zombie (D:9)
  3 wights
  6 killer bees (D:8)
  An electric eel (D:8)
  6 howler monkeys
  4 centaur zombies (D:9)
  3 jellies
  4 orc priests
  Crazy Yiuf (D:5)
  A hound (D:5)
  A gnoll shaman (D:9)
  3 iguanas
  6 orc wizards
  A howler monkey zombie (D:9)
  Robin (D:3)
  4 gnolls (D:9)
  3 adders
  3 shadow imps (D:7)
  An ufetubus (D:5)
  2 worms
  2 dart slugs
  27 orcs
  2 bats
  11 endoplasms
  3 giant cockroaches
  11 goblins
  12 hobgoblins
  2 jackals (D:3)
  2 ball pythons (D:2)
  4 frilled lizards
  20 kobolds
  7 rats
192 creatures vanquished.

Vanquished Creatures (others)
  A plant (D:9)
1 creature vanquished.

Grand Total: 193 creatures vanquished

Notes
Turn   | Place    | Note
-------+----------+-------------------------------------------
     0 | D:1      | RepHenryClay the Deep Elf Conjurer began the quest for the
                  | Orb.
     0 | D:1      | Reached XP level 1. HP: 10/10 MP: 6/6
    62 | D:1      | Found Cetried's Jewellery Emporium.
   526 | D:1      | Reached XP level 2. HP: 15/15 MP: 6/8
  1460 | D:2      | Reached XP level 3. HP: 19/19 MP: 8/10
  1641 | D:2      | Learned a level 2 spell: Searing Ray
  1875 | D:1      | Reached skill level 5 in Conjurations
  2736 | D:3      | Noticed Robin
  2749 | D:3      | Reached XP level 4. HP: 24/24 MP: 2/11
  2802 | D:3      | Killed Robin
  3782 | D:4      | Found a staircase to the Ecumenical Temple.
  3817 | Temple   | Entered the Ecumenical Temple
  3883 | Temple   | Became a worshipper of Vehumet
  3904 | D:4      | Noticed a scorpion
  3908 | D:4      | Killed a scorpion
  3909 | D:4      | Reached XP level 5. HP: 28/28 MP: 6/12
  4604 | D:5      | Entered Level 5 of the Dungeon
  4644 | D:4      | Reached XP level 6. HP: 23/32 MP: 3/13
  5141 | D:5      | Found a hazy altar of Hepliaklqana.
  5394 | D:5      | Found a runed translucent door.
  5395 | D:5      | Noticed Crazy Yiuf
  5404 | D:5      | Killed Crazy Yiuf
  5531 | D:6      | Reached XP level 7. HP: 35/36 MP: 3/14
  5822 | D:6      | Noticed a steam dragon
  5829 | D:6      | Killed a steam dragon
  5830 | D:6      | Reached skill level 5 in Dodging
  6422 | D:7      | Noticed a wraith
  6629 | D:6      | Learned a level 4 spell: Iskenderun's Mystic Blast
  6900 | D:7      | Reached * piety under Vehumet
  6900 | D:7      | Offered knowledge of Shock by Vehumet.
  6922 | D:6      | Killed a wraith
  6923 | D:6      | Reached XP level 8. HP: 16/41 MP: 2/15
  7210 | D:7      | Reached skill level 5 in Translocations
  8308 | D:7      | Reached XP level 9. HP: 45/45 MP: 11/16
  8531 | D:7      | Found an opulent altar of Gozag.
  8531 | D:7      | Found a glowing golden altar of the Shining One.
  8532 | D:7      | Found a hide-covered altar of Uskayaw.
  8919 | D:8      | Reached skill level 10 in Conjurations
  9026 | D:8      | Found Wivi Zoa's Magic Scroll Boutique.
  9765 | D:8      | Bought a scroll of noise for 16 gold pieces
  9765 | D:8      | Bought a scroll of magic mapping for 56 gold pieces
  9765 | D:8      | Bought a scroll of teleportation for 48 gold pieces
  9765 | D:8      | Bought a scroll of teleportation for 48 gold pieces
  9827 | D:8      | Reached skill level 5 in Spellcasting
 10514 | D:8      | Offered knowledge of Sandblast by Vehumet.
 11009 | D:9      | Noticed Gastronok
 11016 | D:8      | Reached skill level 10 in Dodging
 11083 | D:9      | Reached ** piety under Vehumet
 11105 | D:9      | Reached XP level 10. HP: 31/50 MP: 3/21
 11287 | D:9      | Noticed a cyclops
 11307 | D:9      | Killed a cyclops
 11784 | D:9      | Noticed Harold
 11833 | D:9      | Found a basalt altar of Yredelemnul.
 12144 | D:9      | Offered knowledge of Mephitic Cloud by Vehumet.
 12686 | D:8      | Learned a level 3 spell: Mephitic Cloud
 12861 | D:9      | Killed from afar by Gastronok

Illustrated notes

Levels and vault maps discovered:
D:1:      dpeg_arrival_leaves_temple_mockup, layout_loops_corners, serial_shops,
          shop, grunt_decor_one_mirror, minmay_tromino_i2
D:2:      layout_loops_ring, serial_bayou_pond_c
D:3:      layout_loops_ring, uniq_robin
D:4:      layout_loops_corners, minmay_temple_entry_antechambers, minivault_14,
          minmay_liquid_box
D:5:      layout_cave_pools, mainiacjoe_overflow_brackets,
          uniq_crazy_yiuf_cottage
D:6:      layout_basic, hex_tiny
D:7:      layout_rooms, gammafunk_temple_overflow_claw
D:8:      layout_layer_cave, serial_shops, shop_statue, kennysheep_minor_cross,
          hangedman_abyss_or_decor_jellyfish_corner
D:9:      layout_loops_ring, nicolae_yredelemnul_corpse_copse,
          serial_bayou_crossing, uniq_gastronok, uniq_harold
Temple:   compressed_dpeg_circular_temple

Skill      XL: |  1  2  3  4  5  6  7  8  9 10 |
---------------+-------------------------------+-----
Stealth        | 3 |  3.1
Dodging        | 3 4 5 7 10 11 | 11.8
Conjurations   | 5 6 7 8 9 10 11 | 11.4
Translocations | 4 6 |  6.4
Spellcasting   | 6 7 |  7.5

Action                   |  1- 3 |  4- 6 |  7- 9 | 10-12 || total
-------------------------+-------+-------+-------+-------++-------
Melee: Unarmed           |     5 |       |     4 |       ||     9
       Short sword       |       |       |     5 |     5 ||    10
 Cast: Magic Dart        |    96 |    51 |    63 |    34 ||   244
       Searing Ray       |     2 |    12 |    31 |    17 ||    62
       Iskenderun's Myst |       |       |    29 |    12 ||    41
       Mephitic Cloud    |       |       |       |     3 ||     3
Evoke: Wand              |       |     2 |     8 |     7 ||    17
  Use: Scroll            |       |       |     7 |       ||     7
       Potion            |       |       |     4 |     1 ||     5
 Stab: Sleeping          |       |       |     1 |       ||     1
Armor: Robe              |     2 |     2 |    18 |    17 ||    39
       Skin              |       |       |     4 |       ||     4
Dodge: Dodged            |    10 |    10 |    69 |    59 ||   148

Table legend: (Time is in decaauts)
 A = Elapsed time spent in this place.
 B = Non-inter-level travel time spent in this place.
 C = Inter-level travel time spent in this place.
 D = Time resting spent in this place.
 E = Time spent auto-exploring this place.
 F = Levels seen in this place.
 G = Mean time per level.
                   A        B        C        D        E       F      G
               +--------+--------+--------+--------+--------+-----+--------+
         Total |  12919 |  12167 |    752 |   2441 |   8278 |  10 | 1291.9 |
       Dungeon |  12841 |  12099 |    742 |   2441 |   8230 |   9 | 1426.8 |
        Temple |     77 |     67 |     10 |      0 |     48 |   1 |   77.0 |
               +--------+--------+--------+--------+--------+-----+--------+

Top non-repeatable levels by time:
     D:8: 2570 daAuts
     D:6: 1983 daAuts
     D:1: 1528 daAuts
     D:9: 1449 daAuts
     D:7: 1291 daAuts
     D:4: 1126 daAuts
     D:3: 1066 daAuts
     D:2: 995 daAuts
     D:5: 830 daAuts
  Temple: 77 daAuts
